 Dungeon Crawl Stone Soup version 0.29-a0-371-g91724d5b39 (webtiles) character file.

Game seed: 18209447979871310214

5 happo123 the Insei (level 1, 0/15 HPs)
             Began as a Merfolk Transmuter on May 2, 2022.
             Slain by a kobold
             ... wielding a +0 short sword
              (1 damage)
             ... on level 1 of the Dungeon.
             The game lasted 00:01:23 (68 turns).

happo123 the Insei (Merfolk Transmuter)               Turns: 68, Time: 00:01:24

Health: 0/15       AC:  2    Str: 10    XL:     1   Next: 80%
Magic:  2/3        EV: 12    Int: 12    God:
Gold:   0          SH:  0    Dex: 14    Spells: 3/4 levels left

rFire   . . .      SeeInvis .     - Unarmed
rCold   . . .      Faith    .   (no shield)
rNeg    . . .      Spirit   .   a - +0 robe
rPois   .          Reflect  .   (helmet currently unavailable)
rElec   .          Harm     .   (no cloak)
rCorr   .          Rampage  .   (no gloves)
Will    .....                   (boots currently unavailable)
Stlth   +.........              (no amulet)
HPRegen 0.05/turn               (no ring)
MPRegen 0.08/turn               (no ring)

@: appendages
A: horns 2, (nimble swimmer 2), mertail
a: End Transformation


You were on level 1 of the Dungeon.
You had temporarily grown beastly horns.
You visited 1 branch of the dungeon, and saw 1 of its levels.

Inventory:

Missiles
 c - 34 stones
Armour
 a - a +0 robe (worn)
Potions
 b - a potion of lignification


   Skills:
 + Level 1.2 Fighting
 + Level 2.8 Dodging
 + Level 3.3 Unarmed Combat
 + Level 2.0 Spellcasting
 + Level 2.8 Transmutations


You had 3 spell levels left.
You knew the following spells:

 Your Spells              Type           Power      Damage    Failure   Level
a - Beastly Appendage     Tmut           16%        N/A       9%          1

Your spell library contained the following spells:

 Spells                   Type           Power      Damage    Failure   Level
 Wereblood                Tmut           8%         N/A       13%         2
 Spider Form              Tmut/Pois      4%         N/A       41%         3
 Ice Form                 Ice/Tmut       4%         N/A       83%         4


Dungeon Overview and Level Annotations

Branches:
Dungeon (1/15)

Altars:


Innate Abilities, Weirdness & Mutations

You have temporarily grown beastly horns.
((You are very nimble when in or above water. (Stealth+, EV+, Speed+++)))
Your lower body shifts to a powerful aquatic tail in water.


Message History

You kill the jackal!
You barely miss the jackal.
The jackal bites you but does no damage.
A kobold comes into view. It is wielding a +0 short sword.
You completely miss the jackal. The jackal misses you.
The jackal bites you but does no damage.
The jackal bites you. The jackal barely misses you.
You hit the jackal.
You kill the jackal!
The jackal bites you.
You hit the jackal.
You kill the jackal!
The jackal bites you.
You barely miss the jackal. You headbutt the jackal.
The jackal is heavily wounded.
The jackal completely misses you. The jackal bites you.
* * * LOW HITPOINT WARNING * * *
You hit the jackal.
You kill the jackal!
The kobold completely misses you.
A hobgoblin comes into view.
You closely miss the kobold.
Your horns disappear.
The kobold hits you but does no damage.
You barely miss the kobold.
The kobold hits you with a +0 short sword.
* * * LOW HITPOINT WARNING * * *
You closely miss the kobold. The kobold closely misses you.
You hit the kobold.
The kobold is moderately wounded.
The kobold closely misses you.
You hit the kobold but do no damage.
The kobold is moderately wounded.
Casting: Beastly Appendage (safe; 9% risk of failure)
Confirm with . or Enter, or press ? or * to list all spells.
You grow a pair of large bovine horns.
The kobold barely misses you.
You closely miss the kobold.
The kobold is moderately wounded.
The kobold hits you with a +0 short sword.
You die...

..# ..# .># .
##..###.. #........
##........
######.K.......
.......@†...... #
######.)#####.. .#
##..### ..# #######
##...# ...#
#.#...##.##..##....#
#.#####.##.#........#
##...##.###..#######
#.###.#.#.#..#
#.#<#.#.#.#..#


You could see a kobold.

Vanquished Creatures
  4 jackals (D:1)
4 creatures vanquished.

Notes
Turn   | Place    | Note
-------+----------+-------------------------------------------
     0 | D:1      | happo123 the Merfolk Transmuter began the quest for the
                  | Orb.
     0 | D:1      | Reached XP level 1. HP: 15/15 MP: 3/3
    68 | D:1      | Slain by a kobold

Illustrated notes

Levels and vault maps discovered:
D:1:      evilmike_arrival_rings, layout_basic, supply_closet_lemuel,
          minmay_misc_feat_rugged

Action                   || total
-------------------------++-------
Melee: Unarmed           ||    14
       Headbutt          ||     1
 Cast: Beastly Appendage ||     2
Armor: Robe              ||     3
Dodge: Dodged            ||     8

Table legend: (Time is in decaauts)
 A = Elapsed time spent in this place.
 B = Non-inter-level travel time spent in this place.
 C = Inter-level travel time spent in this place.
 D = Time resting spent in this place.
 E = Time spent auto-exploring this place.
 F = Levels seen in this place.
 G = Mean time per level.
                   A        B        C        D        E       F      G
               +--------+--------+--------+--------+--------+-----+--------+
         Total |     66 |     42 |     24 |      0 |     17 |   1 |   66.0 |
       Dungeon |     66 |     42 |     24 |      0 |     17 |   1 |   66.0 |
               +--------+--------+--------+--------+--------+-----+--------+

Top non-repeatable levels by time:
     D:1: 66 daAuts
